 Dungeon Crawl Stone Soup version 0.24.0-29-g8ce449bc06 (console) character file.

Game seed: 16481251823160535265, levelgen mode: deterministic

317 Cab the Grave Robber (level 6, -4/41 HPs)
             Began as a Mummy Necromancer on Nov 14, 2019.
             Shot with an arrow by a centaur (12 damage)
             ... on level 5 of the Dungeon.
             The game lasted 00:13:09 (3846 turns).

Cab the Grave Robber (Mummy Necromancer)            Turns: 3846, Time: 00:13:10

Health: -4/41      AC:  4    Str: 11    XL:     6   Next: 20%
Magic:  10/10      EV: 11    Int: 16    God:
Gold:   249        SH:  0    Dex: 13    Spells: 3/11 levels left

rFire    . . .     SeeInvis .   r - +2 war axe (elec)
rCold    + + .     Gourm    .   (no shield)
rNeg     + + +     Faith    .   i - +0 leather armour
rPois    ∞         Spirit   .   (no helmet)
rElec    .         Reflect  .   p - scarf {rC+ rF+}
rCorr    .         Harm     .   e - +0 pair of gloves
MR       .....                  (no boots)
Stlth    ++........             s - amulet of magic regeneration
HPRegen  0.13/turn              (no ring)
MPRegen  0.37/turn              (no ring)

@: no status effects
A: no food or potions, fire vulnerability, cold resistance 1, negative energy
resistance 3, torment resistance, unbreathing
a: no special abilities


You were on level 5 of the Dungeon.
You were not hungry.

You visited 1 branch of the dungeon, and saw 5 of its levels.

You collected 249 gold pieces.

Inventory:

Hand Weapons
 r - a +2 war axe of electrocution (weapon)
Armour
 e - a +0 pair of gloves (worn)
 i - a +0 leather armour (worn)
 n - a +1 cloak
 p - a scarf of resistance (worn)
Magical Staves
 k - an uncursed staff of summoning
Jewellery
 q - an uncursed amulet of the acrobat
 s - an amulet of magic regeneration (around neck)
Wands
 h - a wand of paralysis (1)
 j - a wand of flame (23)
Scrolls
 a - 2 scrolls of amnesia {unknown}
 b - a scroll of enchant armour {unknown}
 c - 2 scrolls of immolation {unknown}
 d - a scroll of fear {unknown}
 f - 3 scrolls of identify {unknown}
 g - 5 scrolls of remove curse {unknown}
 l - 2 scrolls of enchant weapon {unknown}
 m - a scroll of blinking {unknown}
 o - 3 scrolls of teleportation {unknown}
 t - a scroll of magic mapping {unknown}


   Skills:
 - Level 1.5 Dodging
 - Level 1.5 Stealth
 - Level 3.0 Spellcasting
 * Level 7.4 Necromancy


You had 3 spell levels left.
You knew the following spells:

 Your Spells              Type           Power        Failure   Level  Hunger
a - Pain                  Necr           ####         1%          1    N/A
b - Vampiric Draining     Necr           ####......   3%          3    N/A
c - Animate Dead          Necr           N/A          12%         4    N/A

Your spell library contained the following spells:

 Spells                   Type           Power        Failure   Level  Hunger
 Animate Skeleton         Necr           N/A          1%          1    N/A
 Regeneration             Chrm/Necr      Unusable     N/A         3    N/A

Dungeon Overview and Level Annotations

Branches:
Dungeon (5/15)
 Temple: D:4-7

Altars:
Fedhas
Nemelex Xobeh
Qazlal
Sif Muna
Vehumet


Innate Abilities, Weirdness & Mutations

You do not eat or drink.
Your flesh is vulnerable to fire.
You are immune to poison.
Your flesh is cold resistant. (rC+)
You are immune to negative energy. (rN+++)
You are immune to unholy pain and torment.
You can survive without breathing.


Message History

An iguana comes into view.
The iguana moves out of view.
The crimson imp blinks!
The centaur shoots an arrow.
The arrow hits your worker ant zombie!
The centaur shoots an arrow.
The arrow barely misses your worker ant zombie.
The arrow hits you but does no damage.
You see here an arrow.
The centaur shoots an arrow.
The arrow hits your worker ant zombie.
The centaur shoots an arrow.
The arrow closely misses you.
The centaur shoots an arrow.
The arrow barely misses your worker ant zombie.
The arrow hits you.
* * * LOW HITPOINT WARNING * * *
You see here an arrow.
The centaur shoots an arrow.
The arrow hits your worker ant zombie!
The centaur shoots an arrow.
The arrow hits your worker ant zombie!
Your worker ant zombie is destroyed!
The centaur shoots an arrow.
The arrow hits you!
You die...

▒∙∙∙∙∙∙∙▒▒▒▒∙∙∙ ▒∙∙∙∙∙∙∙▒ ▒▒∙∙
∙ ▒ ▒∙∙∙∙∙∙∙▒ ▒∙∙<▒∙
▒▒▒∙▒▒▒cY∙∙∙∙▒ ▒∙▒∙∙▒
∙∙∙∙∙∙∙∙∙▒▒▒▒▒ ▒∙▒▒∙▒
∙∙∙∙∙∙∙∙∙∙▒▒ ▒∙▒▒∙▒ ∙▒ ▒
∙∙∙∙∙∙∙∙∙∙∙▒ ▒▒∙▒▒∙▒ ∙∙ ▒
∙∙∙∙∙∙∙∙∙▒c▒▒▒▒▒▒∙∙▒▒∙▒▒▒▒▒▒∙∙
▒
∙∙∙∙∙[∙∙∙∙∙(∙((∙@∙▒∙∙∙∙∙∙∙∙∙∙▒
▒▒▒∙∙▒▒▒▒▒∙▒▒▒∙∙▒▒∙∙▒∙▒▒▒∙∙∙∙▒
▒∙∙ ▒∙∙∙▒∙∙∙∙∙▒▒∙∙∙∙∙▒▒▒▒ ▒▒
▒∙∙ ▒▒▒∙∙∙∙▒∙∙∙∙∙∙∙▒∙▒▒▒∙∙∙∙
▒∙ ▒∙∙∙∙▒▒▒∙∙∙∙∙∙∙∙∙∙∙▒▒▒
∙∙∙∙▒∙▒∙∙∙▒▒▒▒▒∙▒▒▒▒▒
∙∙∙∙▒▒▒∙∙∙▒▒▒ ▒∙∙∙▒▒▒


∙∙∙∙∙∙ ▒∙∙∙▒ ▒▒▒∙∙∙▒▒▒ ∙∙∙∙▒∙ ▒∙∙∙▒ ▒▒▒∙∙∙∙ You could see a centaur.

Vanquished Creatures
  An ogre (D:4)
  An orc priest (D:3)
  A bullfrog skeleton (D:3)
  Ijyb (D:1)
  A worker ant (D:5)
  A howler monkey zombie (D:5)
  2 adders (D:3)
  2 worms
  2 dart slugs
  A leopard gecko (D:2)
  5 orcs (D:3)
  4 bats
  2 giant cockroaches
  9 hobgoblins
  10 jackals
  2 quokkas
  A ball python (D:1)
  4 frilled lizards
  15 goblins
  A jackal skeleton (D:4)
  6 kobolds
  A leopard gecko skeleton (D:3)
  5 rats
78 creatures vanquished.

Vanquished Creatures (collateral kills)
  A shadow imp (D:5)
1 creature vanquished.

Grand Total: 79 creatures vanquished

Notes
Turn   | Place    | Note
-------+----------+-------------------------------------------
     0 | D:1      | Cab the Mummy Necromancer began the quest for the Orb.
     0 | D:1      | Reached XP level 1. HP: 13/13 MP: 4/4
   422 | D:1      | Reached XP level 2. HP: 5/19 MP: 2/5
  1063 | D:2      | Noticed Ijyb
  1089 | D:2      | Paralysed by Ijyb for 4 turns
  1303 | D:1      | Killed Ijyb
  1303 | D:1      | Reached skill level 5 in Necromancy
  1303 | D:1      | Reached XP level 3. HP: 17/24 MP: 0/7
  1444 | D:2      | Found a stormy altar of Qazlal.
  1695 | D:2      | Learned a level 3 spell: Vampiric Draining
  1746 | D:2      | Reached XP level 4. HP: 25/30 MP: 6/8
  1909 | D:2      | Found a radiant altar of Vehumet.
  2298 | D:3      | Reached skill level 6 in Necromancy
  2312 | D:3      | Found a shimmering blue altar of Sif Muna.
  2319 | D:3      | Learned a level 4 spell: Animate Dead
  2423 | D:3      | Reached XP level 5. HP: 35/35 MP: 4/9
  3155 | D:4      | Found a blossoming altar of Fedhas.
  3156 | D:4      | Noticed an ogre
  3166 | D:4      | Killed an ogre
  3166 | D:4      | Reached skill level 7 in Necromancy
  3166 | D:4      | Reached XP level 6. HP: 41/41 MP: 10/10
  3619 | D:4      | Found a sparkling altar of Nemelex Xobeh.
  3737 | D:5      | Entered Level 5 of the Dungeon
  3826 | D:5      | Noticed an ice beast
  3846 | D:5      | Shot with an arrow by a centaur

Levels and vault maps discovered:
D:1:      doesnt_arrival_eight_statues, layout_basic
D:2:      kennysheep_the_goblin_king, layout_loops_ring, marbit_many_paths,
          lemuel_crystal_altar
D:3:      layout_loops_cross, lemuel_crystal_altar
D:4:      layout_cave_pods, nemelex_xobeh_ov_fountains_minmay,
          fedhas_ov_isle_minmay
D:5:      layout_rooms, lemuel_coloured_pillars_altar, first_ration, uniq_ijyb

Skill      XL: |  1  2  3  4  5 |
---------------+----------------+-----
Spellcasting   | 3 |  3.0
Necromancy     | 5 6 7 |  7.4
Dodging        | |  1.5
Stealth        | |  1.5

Action                   |  1- 3 |  4- 6 || total
-------------------------+-------+-------++-------
Melee: Unarmed           |     9 |       ||     9
       Dagger            |    16 |    59 ||    75
       War axe           |       |    24 ||    24
 Cast: Pain              |    64 |    52 ||   116
       Animate Dead      |       |     4 ||     4
Evoke: Wand              |       |     1 ||     1
 Stab: Sleeping          |       |     2 ||     2
       Paralysed         |       |     4 ||     4
Armor: Robe              |     4 |       ||     4
       Leather armour    |     5 |    22 ||    27
Dodge: Dodged            |    30 |    67 ||    97
